 Dungeon Crawl Stone Soup version 0.19.5 (webtiles) character file.

113 miragecloak the Changer (level 4, 0/28 HPs)
             Began as an Octopode Transmuter on May 15, 2017.
             Succumbed to an adder's poison
             ... on level 4 of the Dungeon.
             The game lasted 00:02:30 (2754 turns).

miragecloak the Changer (Octopode Transmuter)       Turns: 2754, Time: 00:02:31

Health: 0/28       AC:  2    Str:  9    XL:     4   Next: 96%
Magic:  2/7        EV: 20    Int: 15    God:
Gold:   163        SH:  0    Dex: 18    Spells: 2 memorised, 3 levels left

rFire  . . .     SeeInvis .       - Unarmed
rCold  . . .     Gourm    .     (shield currently unavailable)
rNeg   . . .     Faith    .     (helmet currently unavailable)
rPois  x         Spirit   .     (no amulet)
rElec  .         Reflect  .     (no ring)
rCorr  .         Harm     .     (no ring)
MR     .....                    (no ring)
Stlth  ++........               (no ring)
                                (no ring)
                                (no ring)
                                (no ring)
                                (no ring)

@: lethally poisoned (0 -> -15), spider-form, very slightly contaminated
A: almost no armour, stealthy swim, (amphibious), 8 rings, (constrict 8),
(camouflage 0), (gelatinous body 0)
a: End Transformation


You were on level 4 of the Dungeon.
You were hungry.
You were a venomous arachnid creature.
You visited 1 branch of the dungeon, and saw 4 of its levels.

You collected 163 gold pieces.

Inventory:

Missiles
 a - 52 arrows
Jewellery
 o - a +5 ring of intelligence {unknown}
Scrolls
 e - 4 scrolls of teleportation {unknown}
 i - a scroll of immolation {unknown}
 k - a scroll of noise {unknown}
 l - a scroll of blinking {unknown}
 n - a scroll of recharging {unknown}
 p - a scroll of identify {unknown}
Potions
 d - 3 potions of heal wounds {unknown}
 g - a potion of curing {unknown}
 h - a potion of degeneration {unknown}
 j - a potion of lignification {unknown}
Books
 b - a book of Changes

   Spells                             Type                      Level
   a - Beastly Appendage              Transmutation                1
   b - Sticks to Snakes               Transmutation                2
   c - Spider Form                    Transmutation/Poison         3
   d - Ice Form                       Ice/Transmutation            4
   e - Blade Hands                    Transmutation                5
Comestibles
 c - 2 bread rations
 f - a beef jerky
 m - 2 meat rations
 q - 3 fruits


   Skills:
 - Level 1.0 Fighting
 - Level 2.0 Dodging
 - Level 3.0 Unarmed Combat
 - Level 2.0 Spellcasting
 - Level 4.0 Transmutations
 + Level 3.1 Poison Magic


You had 3 spell levels left.
You knew the following spells:

 Your Spells              Type           Power        Failure   Level  Hunger
a - Beastly Appendage     Tmut           ##....       14%         1    #......
b - Spider Form           Tmut/Pois      ##........   36%         3    ###....


Dungeon Overview and Level Annotations

Branches:
Dungeon (4/15)
 Temple: D:4-7

Altars:


Innate Abilities, Weirdness & Mutations

You cannot wear most types of armour.
You are very stealthy in the water. (Stealth+)
((You are amphibious.))
You can wear up to eight rings at the same time.
((You can use your tentacles to constrict eight enemies at once.))
((Your skin changes colour to match your surroundings (Stealth+).))
((Your rubbery body absorbs attacks. (AC +1, EV +1)))


Message History

You hit the adder.
The adder is poisoned.
The adder is heavily wounded.
The adder bites you.
* * * LOW HITPOINT WARNING * * *
You are lethally poisoned!
The adder poisons you!
You barely miss the adder.
The adder is heavily wounded.
* * * LOW HITPOINT WARNING * * *
You feel sick. The adder misses you.
You completely miss the adder.
The adder is severely wounded.
The adder bites you.
* * * LOW HITPOINT WARNING * * *
You are more poisoned.
The adder poisons you! The adder closely misses you.
You hit the adder.
You kill the adder!
Your Poison Magic skill increases to level 3!
You die...

..#
#.#
#.#
#.#
##
#.#
..
#.#
#.#†#
#..s#
#####


There were no monsters in sight!

Vanquished Creatures
  2 adders
  2 oozes (D:1)
  2 worms (D:2)
  2 dart slugs
  2 leopard geckos (D:1)
  An orc (D:3)
  7 bats
  3 giant cockroaches
  9 goblins
  9 hobgoblins
  12 jackals
  6 kobolds
  A frilled lizard (D:1)
  6 rats
64 creatures vanquished.

Notes
Turn   | Place    | Note
-------+----------+-------------------------------------------
     0 | D:1      | miragecloak the Octopode Transmuter began the quest for the Orb.
     0 | D:1      | Reached XP level 1. HP: 13/13 MP: 3/3
   400 | D:1      | Reached XP level 2. HP: 18/18 MP: 3/5
   446 | D:1      | Reached skill level 3 in Transmutations
   625 | D:1      | Reached XP level 3. HP: 7/23 MP: 6/6
   631 | D:1      | HP: 1/23 [rat (2)]
   985 | D:1      | Learned a level 3 spell: Spider Form
  1504 | D:2      | Reached skill level 1 in Poison Magic
  1901 | D:2      | Reached XP level 4. HP: 26/28 MP: 4/7
  2071 | D:2      | Reached skill level 4 in Transmutations
  2754 | D:4      | Succumbed to an adder's poison

Skill      XL: |  1  2  3  4 |
---------------+-------------+-----
Transmutations | 3 4 |  4.0
Poison Magic   | 1 3 |  3.1
Fighting       | |  1.0
Dodging        | |  2.0
Unarmed Combat | |  3.0
Spellcasting   | |  2.0

Action                   |  1- 3 |  4- 6 || total
-------------------------+-------+-------++-------
Melee: Unarmed           |    87 |    69 ||   156
       Kick              |    20 |       ||    20
       Constrict         |    22 |     4 ||    26
       Tentacles         |     9 |     4 ||    13
       Punch             |     2 |       ||     2
 Cast: Beastly Appendage |    21 |     1 ||    22
       Spider Form       |     1 |    14 ||    15
 Stab: Sleeping          |     4 |       ||     4
  Eat: Chunk             |     2 |     4 ||     6
       Royal jelly       |       |     1 ||     1
Armor: Skin              |    13 |     3 ||    16
Dodge: Dodged            |    71 |    67 ||   138
